AoeStats
← 体制少妇白洁

Coastal Forest

503619457Analyzed
4v4 RM · 1mo ago on Sep 1, 2026· 27m 26s· 8 players
Game mode
Random Map
Map size
Large (8 player)
Population
200
Speed
Normal
Resources
Standard
Victory
Conquest
Starting age
Dark Age
Ending age
Imperial Age
RankedLock teamsTeams togetherTeam positionsShared explorationLock speedFull tech treeHidden civsTurbo modeCheats
Victory
Defeat
🇹🇼 Burgundians · Taiwan
1604
+11
🇹🇼 Mapuche · Taiwan
1603
+11
🇹🇼 Japanese · Taiwan
1504
+16
🇹🇼 Khmer · Taiwan
1396
+21
🇭🇰 Mongols · Hong Kong SAR China
1571
-18
🇨🇳 Malay · China
1516
-16
🇨🇳 Vietnamese · China
1453
-13
🇨🇳 Burmese · China
1448
-12
穿山甲
7:19 Loom
11:34 Feudal Age
12:51 Double-Bit Axe
15:32 Castle Age
13:46 Gold Mining
14:47 Horse Collar
15:54 Loom
17:40 Bow Saw
18:04 Medium Warships
19:15 Fletching
22:56 Bodkin Arrow
25:19 Wheelbarrow
可爱透耀人
4:20 Loom
11:38 Feudal Age
14:40 Double-Bit Axe
16:27 Fletching
18:31 Horse Collar
27:12 Castle Age
25:33 Gold Mining
26:17 Crossbowman
27:19 Bodkin Arrow
YiTiaoQu
6:23 Loom
9:07 Feudal Age
15:58 Horse Collar
16:35 Scale Barding Armor
21:49 Castle Age
22:20 Bloodlines
22:16 Scale Barding Armor
22:14 Light Cavalry
23:36 Chain Barding Armor
体制少妇白洁
7:06 Loom
9:36 Feudal Age
10:37 Double-Bit Axe
11:01 Horse Collar
17:49 Wheelbarrow
20:59 Castle Age
19:17 Gold Mining
20:07 Fletching
20:18 Padded Archer Armor
20:40 Bloodlines
21:42 Bodkin Arrow
21:51 Husbandry
22:21 Bow Saw
24:41 Leather Archer Armor
25:07 Ballistics
白毛
4:58 Double-Bit Axe
6:50 Loom
9:46 Feudal Age
9:24 Horse Collar
12:36 Bow Saw
16:48 Wheelbarrow
16:44 Scale Barding Armor
20:20 Forging
20:24 Gold Mining
20:48 Heavy Plow
22:54 Castle Age
23:00 Cavalier
24:15 Chain Barding Armor
25:42 Husbandry
greatsurferTW
7:43 Loom
11:12 Feudal Age
9:29 Loom
11:15 Feudal Age
13:33 Double-Bit Axe
16:16 Castle Age
14:05 Horse Collar
15:21 Fletching
16:59 Bodkin Arrow
24:28 Padded Archer Armor
25:46 Ballistics
28:36 Wheelbarrow
Demon Hunters
11:11 Feudal Age
10:10 Loom
16:51 Castle Age
15:08 Double-Bit Axe
15:46 Horse Collar
16:44 Scale Mail Armor
17:48 Medium Warships
19:30 Bow Saw
23:01 Heavy Plow
23:41 Fletching
24:32 Fishing Lines
24:58 Bodkin Arrow
25:04 Padded Archer Armor
26:04 Wheelbarrow
27:54 Gillnets
Junyou
3:24 Loom
14:07 Feudal Age
18:17 Fletching
21:51 Town Watch
26:52 Castle Age
25:12 Double-Bit Axe
25:43 Gold Mining
27:40 Padded Archer Armor
27:01 Elite Skirmisher
Connection lost

Rejoining the realm…

Still unreachable

The connection could not be restored.

Session expired

The server has moved on; the page needs a fresh start.